 Dungeon Crawl Stone Soup version 0.22-a0-525-gf69a080 (webtiles) character file.

1784 Amnesiac the Slinger (level 8, -4/58 HPs)
             Began as a Spriggan Fighter on June 22, 2018.
             Slain by a killer bee (5 damage)
             ... on level 7 of the Dungeon.
             The game lasted 00:07:40 (3784 turns).

Amnesiac the Slinger (Spriggan Fighter)             Turns: 3784, Time: 00:07:40

Health: -4/58      AC: 24    Str: 14    XL:     8   Next: 81%
Magic:  9/9        EV:  4    Int:  9    God:
Gold:   71         SH:  6    Dex: 16    Spells: 7/7 levels left

rFire    . . .     SeeInvis +   b - +0 fustibalus
rCold    . . .     Gourm    .   c - +0 buckler
rNeg     + + +     Faith    .   (armour currently unavailable)
rPois    +         Spirit   .   (helmet currently unavailable)
rElec    .         Reflect  .   (cloak currently unavailable)
rCorr    .         Harm     .   (gloves unavailable)
MR       +....     NoTele   +   (boots unavailable)
Stlth    +.........             (no amulet)
HPRegen  0.19/turn              e - ring of flight
MPRegen  0.11/turn              (no ring)

@: tree-form
A: very small, unfitting armour, see invisible, herbivore, slow metabolism 2
a: no special abilities


You were on level 7 of the Dungeon.
You were not hungry.
You were a tree.
You visited 1 branch of the dungeon, and saw 7 of its levels.

You collected 71 gold pieces.

Inventory:

Hand Weapons
 a - a +0 rapier
 b - a +0 fustibalus (weapon)
Missiles
 h - 33 stones (quivered)
 u - 17 sling bullets
Armour
 c - a +0 buckler (worn)
 m - a +0 robe (melded)
Jewellery
 e - a ring of flight (left branch)
 A - an uncursed ring of positive energy {unknown}
Wands
 n - a wand of acid (9)
 r - a wand of polymorph (3)
 s - a wand of enslavement (17)
 C - a wand of paralysis (12)
Scrolls
 j - 4 scrolls of remove curse {!r, unknown}
 k - 2 scrolls of enchant weapon {!r, unknown}
 l - 2 scrolls of teleportation {!r, unknown}
 q - a scroll of amnesia {!r, unknown}
 t - a scroll of immolation {!r, unknown}
 w - 3 scrolls of identify {!r, unknown}
 y - a scroll of fear {!r, unknown}
 B - a scroll of enchant armour {!r, unknown}
 E - a scroll of fog {!r, unknown}
Potions
 d - 2 potions of might {!q}
 v - a potion of agility {!q, unknown}
 x - a potion of cancellation {!q, unknown}
 z - a potion of degeneration {!q, unknown}
 D - a potion of heal wounds {!q, unknown}
Comestibles
 f - 7 rations


   Skills:
 - Level 2.8 Fighting
 - Level 2.1 Short Blades
 + Level 12.7 Slings
 - Level 4.7 Dodging
 - Level 2.3 Shields


You had 7 spell levels left.
You didn't know any spells.
Your spell library was empty.

Dungeon Overview and Level Annotations

Branches:
Dungeon (7/15)
 Temple: D:4-7

Altars:

Shops:
D:6 ?=

Annotations:
D:4 1 runed door, kae's ghost, amateur DrTm


Innate Abilities, Weirdness & Mutations

You are very small and have problems with some larger weapons.
You are too small for most types of armour.
You have supernaturally acute eyesight. (SInv)
You are a herbivore.
((You cover ground extremely quickly.))
You need to consume almost no food.


Message History

The killer bee is moderately wounded.
The killer bee stings you but does no damage.
Firing (i - inventory. (/) - cycle)
h - 41 stones (quivered)
Press: ? - help, Shift-Dir - straight line, f/p - killer bee
Aim: a killer bee (heavily wounded)
You shoot a stone. The stone hits the killer bee.
The killer bee is severely wounded.
The killer bee stings you but does no damage.
You block the killer bee's attack.
Firing (i - inventory. (/) - cycle)
h - 40 stones (quivered)
Press: ? - help, Shift-Dir - straight line, f/p - killer bee
Aim: a killer bee (severely wounded)
You shoot a stone. The stone barely misses the killer bee.
The stone hits the killer bee.
The killer bee is heavily wounded.
The killer bee stings you.
* * * LOW HITPOINT WARNING * * *
The killer bee stings you but does no damage.
Firing (i - inventory. (/) - cycle)
h - 39 stones (quivered)
Press: ? - help, Shift-Dir - straight line, f/p - killer bee
Aim: a killer bee (severely wounded)
You shoot a stone. The stone misses the killer bee.
The stone hits the killer bee.
The killer bee is almost dead.
The killer bee barely misses you.
Firing (i - inventory. (/) - cycle)
h - 38 stones (quivered)
Press: ? - help, Shift-Dir - straight line, f/p - killer bee
Aim: a killer bee (severely wounded)
You shoot a stone. The stone hits the killer bee!
You kill the killer bee!
The killer bee stings you but does no damage.
Firing (i - inventory. (/) - cycle)
h - 37 stones (quivered)
Press: ? - help, Shift-Dir - straight line, f - killer bee
Aim: a killer bee (almost dead)
You shoot a stone.
The stone closely misses the killer bee.
The stone closely misses the orc.
The killer bee stings you but does no damage. x2
Firing (i - inventory. (/) - cycle)
h - 36 stones (quivered)
Press: ? - help, Shift-Dir - straight line, f/p - killer bee
Aim: a killer bee (almost dead)
You shoot a stone. The stone misses the killer bee.
The stone hits the orc.
The orc is lightly wounded.
The killer bee stings you.
* * * LOW HITPOINT WARNING * * *
Firing (i - inventory. (/) - cycle)
h - 35 stones (quivered)
Press: ? - help, Shift-Dir - straight line, f/p - killer bee
Aim: a killer bee (almost dead)
You shoot a stone. The stone barely misses the killer bee.
The stone hits the orc!
You kill the orc!
You block the killer bee's attack.
The killer bee stings you but does no damage.
Firing (i - inventory. (/) - cycle)
h - 34 stones (quivered)
Press: ? - help, Shift-Dir - straight line, f/p - killer bee
Aim: a killer bee (almost dead)
Okay, then.
Firing (i - inventory. (/) - cycle)
h - 34 stones (quivered)
Press: ? - help, Shift-Dir - straight line, f/p - killer bee
Aim: a killer bee (almost dead)
You shoot a stone. The stone misses the killer bee.
The killer bee stings you but does no damage.
The killer bee stings you.
You die...

#.#.# #y#
##.#.# #(#
#..#.#
#.############
#.##.#
#............#
#.##.#
############.#
#.##.# #.#
#.##.# #.#
#.##.#
###########.#
#.##.#
#......♣y).(#
##.##.#
#.###########
....[.# #.#
##.#### #.#
#.# #.# #.#
#.# #.# #.#
##.#######.#
...#.......#


You could see a killer bee.

Vanquished Creatures
  An orc warrior (D:6)
  2 ice beasts
  2 sky beasts
  An ogre (D:4)
  A scorpion (D:5)
  5 killer bees (D:7)
  4 wights (D:6)
  A howler monkey (D:4)
  A bullfrog zombie (D:5)
  2 hounds (D:4)
  2 orc priests
  A jelly (D:6)
  Ijyb (D:4)
  2 iguanas (D:5)
  4 orc wizards
  6 worker ants
  4 hound skeletons
  A hound zombie (D:6)
  A howler monkey skeleton (D:6)
  7 gnolls
  6 adders
  A shadow imp (D:7)
  An ooze (D:4)
  2 adder skeletons
  A worm (D:4)
  A leopard gecko (D:4)
  9 orcs
  2 giant cockroaches
  A hobgoblin (D:3)
  9 jackals
  2 kobolds (D:3)
  3 quokkas
  A ball python (D:5)
  A jackal skeleton (D:5)
  A quokka skeleton (D:4)
  A rat (D:3)
91 creatures vanquished.

Notes
Turn   | Place    | Note
-------+----------+-------------------------------------------
     0 | D:1      | Amnesiac the Spriggan Fighter began the quest for the Orb.
     0 | D:1      | Reached XP level 1. HP: 11/11 MP: 2/2
   137 | D:3      | Reached XP level 2. HP: 13/16 MP: 3/3
   287 | D:4      | Found a runed door.
   288 | D:4      | Noticed kae's ghost (amateur DrTm)
   362 | D:4      | Noticed an ogre
   430 | D:4      | Killed an ogre
   430 | D:4      | Reached skill level 4 in Slings
   430 | D:4      | Reached XP level 3. HP: 19/19 MP: 4/4
   430 | D:4      | Reached XP level 4. HP: 23/23 MP: 5/5
   528 | D:4      | Reached XP level 5. HP: 14/28 MP: 6/6
   733 | D:4      | Reached skill level 5 in Slings
   951 | D:4      | Reached skill level 6 in Slings
  1038 | D:4      | Noticed Ijyb
  1069 | D:4      | Killed Ijyb
  1069 | D:4      | Reached XP level 6. HP: 30/32 MP: 7/7
  1438 | D:4      | Reached skill level 7 in Slings
  1669 | D:5      | Entered Level 5 of the Dungeon
  1669 | D:5      | Noticed an ice beast
  1681 | D:4      | Killed an ice beast
  1681 | D:4      | Reached skill level 8 in Slings
  1699 | D:5      | Noticed a sky beast
  1712 | D:5      | Killed a sky beast
  1712 | D:5      | Reached XP level 7. HP: 27/35 MP: 8/8
  1809 | D:5      | Reached skill level 9 in Slings
  2055 | D:5      | Reached skill level 10 in Slings
  2529 | D:5      | Reached XP level 8. HP: 31/39 MP: 9/9
  2897 | D:6      | Reached skill level 11 in Slings
  3080 | D:6      | Found Moneaf's Jewellery Emporium.
  3107 | D:6      | Found Miakh's Magic Scroll Boutique.
  3335 | D:6      | Reached skill level 12 in Slings
  3782 | D:7      | HP: 1/58 [killer bee (4)]
  3784 | D:7      | Slain by a killer bee

Vault maps used:
D:1:      evilmike_arrival_plus
D:3:      lexackson_kobold_supper
D:4:      gammafunk_ghost_grave, first_ration, kennysheep_windowed_goal,
          uniq_ijyb
D:5:      serial_bayou_crossing
D:6:      serial_shops, shop, shop_statue, grunt_ministairs_2
D:7:      lemuel_bear_cage, temple_green, hex_medium, minmay_bent

Skill      XL: |  1  2  3  4  5  6  7  8 |
---------------+-------------------------+-----
Slings         | 4 6 8 10 12 | 12.7
Fighting       | |  2.8
Short Blades   | |  2.1
Dodging        | |  4.7
Shields        | |  2.3

Action                   |  1- 3 |  4- 6 |  7- 9 || total
-------------------------+-------+-------+-------++-------
Melee: Rapier            |    28 |    27 |       ||    55
       Fustibalus        |       |       |     1 ||     1
 Fire: Fustibalus        |    12 |   148 |   263 ||   423
  Use: Potion            |       |       |     4 ||     4
Armor: Robe              |       |     4 |     2 ||     6
       Skin              |       |       |    10 ||    10
Dodge: Dodged            |    22 |    77 |    52 ||   151
Block: Buckler           |     6 |    26 |    22 ||    54

Table legend:
 A = Spawn XP
 B = Non-spawn XP
 C = Spawn XP percentage of total XP
 D = Spawn monster count
 E = Non-spawn monster count
 F = Spawn count percentage of total count
 G = Total turns spent on level
                    A         B        C        D         E        F      G
               +---------+---------+-------+---------+---------+-------+---------
         Total |       0 |    2549 |   0.0 |       0 |      91 |   0.0 |  3784
               +---------+---------+-------+---------+---------+-------+---------
           D:3 |       0 |      23 |   0.0 |       0 |       7 |   0.0 |   251
           D:4 |       0 |     721 |   0.0 |       0 |      32 |   0.0 |  1618
           D:5 |       0 |     696 |   0.0 |       0 |      23 |   0.0 |   716
           D:6 |       0 |     787 |   0.0 |       0 |      20 |   0.0 |   928
           D:7 |       0 |     322 |   0.0 |       0 |       9 |   0.0 |   250
               +---------+---------+-------+---------+---------+-------+---------
